 Dungeon Crawl Stone Soup version 0.22-a0-558-gc224181 (webtiles) character file.

620 Firecrotchwizard the Cleaver (level 7, 0/62 HPs)
             Began as a Minotaur Gladiator on June 26, 2018.
             Slain by Edmund
             ... wielding a +8 dire flail of crushing
              (6 damage)
             ... on level 4 of the Dungeon.
             The game lasted 00:04:58 (3620 turns).

Firecrotchwizard the Cleaver (Minotaur Gladiator)   Turns: 3620, Time: 00:04:59

Health: 0/62       AC: 11    Str: 18    XL:     7   Next: 22%
Magic:  6/6        EV:  9    Int:  5    God:
Gold:   288        SH:  0    Dex: 14    Spells: 6/6 levels left

rFire    . . .     SeeInvis .   q - -3 battleaxe (curse)
rCold    . . .     Gourm    .   (shield currently unavailable)
rNeg     . . .     Faith    .   w - +0 chain mail
rPois    .         Spirit   .   c - +0 hat
rElec    .         Reflect  .   (no cloak)
rCorr    .         Harm     .   g - +1 pair of gloves
MR       .....                  i - +0 pair of boots
Stlth    ..........             (no amulet)
HPRegen  0.20/turn              h - +1 ring of evasion
MPRegen  0.10/turn              l - ring of loudness (curse) {Stlth-}

@: no status effects
A: retaliatory headbutt, horns 2
a: no special abilities


You were on level 4 of the Dungeon.
You were not hungry.

You visited 1 branch of the dungeon, and saw 4 of its levels.

You collected 288 gold pieces.

Inventory:

Hand Weapons
 a - a +1 war axe
 q - a cursed -3 battleaxe (weapon)
   (You found it on level 4 of the Dungeon)
Missiles
 d - 3 throwing nets {=f, !d}
Armour
 c - a +0 hat (worn)
 g - a +1 pair of gloves (worn)
   (You found it on level 1 of the Dungeon)
 i - a +0 pair of boots (worn)
   (You found it on level 4 of the Dungeon)
 w - a +0 chain mail (worn)
   (You found it on level 4 of the Dungeon)
Jewellery
 h - a +1 ring of evasion (left hand)
   (You found it on level 4 of the Dungeon)
 l - a cursed ring of loudness (right hand) {Stlth-}
   (You found it on level 4 of the Dungeon)
 o - an uncursed ring of poison resistance {rPois, !d}
   (You found it on level 3 of the Dungeon)
Wands
 b - a wand of digging (8)
   (You found it on level 4 of the Dungeon)
 y - a wand of iceblast (7)
   (You found it on level 3 of the Dungeon)
Scrolls
 m - 2 scrolls of teleportation
 s - 3 scrolls of identify
 u - a scroll of blinking {!r}
Potions
 e - a potion of flight {unknown}
 j - 2 potions of curing {unknown}
 k - 2 potions of agility {unknown}
 p - a potion of degeneration {unknown}
 r - a potion of cancellation {unknown}
 t - a potion of heal wounds {unknown}
 v - a potion of lignification {unknown}
Comestibles
 f - 7 rations {@e1}


   Skills:
 + Level 5.8 Fighting
 * Level 8.5 Axes
 - Level 2.0 Throwing
 - Level 3.2 Dodging


You had 6 spell levels left.
You didn't know any spells.
Your spell library was empty.

Dungeon Overview and Level Annotations

Branches:
Dungeon (4/15)
 Temple: D:4-7

Altars:
Qazlal

Annotations:
D:4 Edmund


Innate Abilities, Weirdness & Mutations

You reflexively headbutt those who attack you in melee.
You have a pair of horns on your head.


Message History

Health restored: 62; MP restored: 6
Things that are here:
a giant club; an ogre corpse You butcher the ogre corpse.
n - 16 chunks of flesh {@w0} (gained 2)
You see here a giant club. x2
You see here an arbalest.
A leopard gecko comes into view.
A leopard gecko is nearby!
The leopard gecko hisses angrily.
You hit the leopard gecko.
You kill the leopard gecko!
No target in view!
You butcher the leopard gecko corpse.
n - 17 chunks of flesh {@w0} (gained 1)
A ball python comes into view.
The ball python hisses angrily.
The ball python moves out of view.
You see here 19 stones.
The ball python is too close now for your liking.
There are no items here.
The ball python bites you. The ball python closely misses you.
You see here 19 stones.
You take 2 damage, and have 60/62 hp.
You closely miss the ball python. The ball python bites you.
The ball python barely misses you.
The ball python bites you but does no damage.
The ball python closely misses you.
You take 1 damage, and have 59/62 hp.
You hit the ball python.
You kill the ball python!
No target in view!
(D) Dungeon
Where to? (Enter - D:4 @ (x,y), ? - help)
You see here a chain mail.
Health restored: 62
w - a chain mail You start removing your armour.
You continue taking off your +0 scale mail. x4
You finish taking off your +0 scale mail.
You start putting on your armour.
You continue putting on your chain mail. x5
You finish putting on your +0 chain mail.
Drop what? 24/52 slots (_ for help) (? for menu, Esc to quit)
You drop a +0 scale mail.
Some of the chunks of flesh in your inventory have rotted away.
Some of the chunks of flesh in your inventory have rotted away.
Some of the chunks of flesh in your inventory have rotted away.
You see here 19 stones.
You see here an arbalest.
Some of the chunks of flesh in your inventory have rotted away.
All of the chunks of flesh in your inventory have rotted away.
i - a pair of boots You start putting on your armour.
You continue putting on your pair of boots. x4
You finish putting on your +0 pair of boots.
There is a stone staircase leading down here.
There is a stone staircase leading down here.
Natasha, Servant of Life and Death comes into view.
Natasha hisses angrily.
Natasha claws you but does no damage.
You barely miss Natasha. Natasha barely misses you. You furiously retaliate!
You headbutt Natasha! Natasha claws you.
You take 6 damage, and have 56/62 hp.
You slash Natasha!
You kill Natasha!
Natasha growls in agony!
A quokka comes into view.
Edmund the Younger comes into view.
He is wielding a dire flail of crushing.
Edmund shouts!
The quokka barely misses you. You furiously retaliate!
You headbutt the quokka.
Found a stone staircase leading down.
You hit the quokka.
You kill the quokka!
Edmund asks, "Have you met my wondrous brother?"
You hit Edmund.
Edmund hits you with a dire flail of crushing!
You take 14 damage, and have 44/62 hp.
MASSIVE DAMAGE!!
Your chain mail prevents you from hitting Edmund.
Edmund hits you with a dire flail of crushing.
You take 4 damage, and have 40/62 hp.
You are too injured to fight recklessly!
You are too injured to fight recklessly!
You hit Edmund but do no damage. You headbutt Edmund.
Edmund hits you with a dire flail of crushing.
You take 4 damage, and have 36/62 hp.
You closely miss Edmund. You headbutt Edmund.
Edmund hits you with a dire flail of crushing!
You take 10 damage, and have 26/62 hp.
You hit Edmund but do no damage. Edmund closely misses you.
You slash Edmund!
Edmund hits you with a dire flail of crushing!
* * * LOW HITPOINT WARNING * * *
x2 Edmund hits you with a dire flail of crushing!
* * * LOW HITPOINT WARNING * * *
x2 Your chain mail prevents you from hitting Edmund.
You headbutt Edmund, but do no damage.
Edmund hits you with a dire flail of crushing.
You die...

#§§§§......## #.....
####.......# ##.....
*#.....## #.....# ##....#
##...## #..### #####
##.=#* # #....### #
##...†..## # *#..)..@..##
# *#.....@....### #
*.............###########
*........................
**.........##....#########
*,.........####....###
**.........# ###....##
*>........# ###...###
***.......* ###...##


You could see Edmund.

Vanquished Creatures
  A phantom (D:4)
  2 ogres (D:4)
  A scorpion (D:2)
  A howler monkey (D:4)
  2 hounds (D:4)
  An orc wizard (D:3)
  Natasha (D:4)
  3 gnolls (D:3)
  3 adders
  An ooze (D:3)
  3 worms
  2 dart slugs
  A leopard gecko (D:4)
  17 orcs
  2 ball pythons
  2 giant cockroaches
  4 goblins
  7 hobgoblins
  9 jackals
  3 quokkas
  3 bats
  2 frilled lizards (D:1)
  5 kobolds
  7 rats
83 creatures vanquished.

Notes
Turn   | Place    | Note
-------+----------+-------------------------------------------
     0 | D:1      | Firecrotchwizard the Minotaur Gladiator began the quest for the Orb.
     0 | D:1      | Reached XP level 1. HP: 18/18 MP: 0/0
   382 | D:1      | Reached skill level 4 in Axes
   456 | D:1      | Reached XP level 2. HP: 25/25 MP: 1/1
   872 | D:2      | Noticed a scorpion
   882 | D:2      | Killed a scorpion
   882 | D:2      | Reached skill level 3 in Fighting
   882 | D:2      | Reached skill level 5 in Axes
   882 | D:2      | Reached XP level 3. HP: 28/31 MP: 2/2
   941 | D:2      | Reached XP level 4. HP: 38/39 MP: 3/3
  1726 | D:3      | Reached skill level 4 in Fighting
  1726 | D:3      | Reached skill level 6 in Axes
  1856 | D:3      | Reached XP level 5. HP: 46/46 MP: 4/4
  1893 | D:3      | HP: 9/46 [gnoll/halberd (9)]
  1895 | D:3      | HP: 1/46 [gnoll/halberd (9)]
  2672 | D:3      | Found a faded altar of an unknown god.
  2990 | D:4      | Reached skill level 7 in Axes
  2990 | D:4      | Reached XP level 6. HP: 53/55 MP: 5/5
  3010 | D:4      | Reached skill level 5 in Fighting
  3049 | D:4      | Found a stormy altar of Qazlal.
  3051 | D:4      | Noticed an air elemental
  3052 | D:4      | Noticed a water elemental
  3052 | D:4      | Noticed a fire elemental
  3213 | D:4      | Reached skill level 8 in Axes
  3276 | D:4      | Reached XP level 7. HP: 62/62 MP: 6/6
  3604 | D:4      | Noticed Natasha
  3609 | D:4      | Killed Natasha
  3610 | D:4      | Noticed Edmund
  3619 | D:4      | HP: 14/62 [Edmund/dire flail of crushing (2)]
  3619 | D:4      | HP: 6/62 [Edmund/dire flail of crushing (1)]
  3620 | D:4      | Slain by Edmund

Vault maps used:
D:1:      dpeg_arrival_erosion
D:3:      first_ration, chequers_ecumenical_altar_simple_redux
D:4:      hangedman_decor_growths, nicolae_qazlal_style_of_elements,
          uniq_natasha, uniq_edmund

Skill      XL: |  1  2  3  4  5  6 |
---------------+-------------------+-----
Axes           | 4 5 6 7 8 |  8.5
Fighting       | 3 4 5 |  5.8
Throwing       | |  2.0
Dodging        | |  3.2

Action                   |  1- 3 |  4- 6 |  7- 9 || total
-------------------------+-------+-------+-------++-------
Melee: War axe           |    26 |   135 |       ||   161
       Headbutt          |     6 |    24 |     3 ||    33
       Battleaxe         |       |     9 |    13 ||    22
Evoke: Wand              |       |     2 |     1 ||     3
  Use: Scroll            |       |     9 |       ||     9
 Stab: Sleeping          |     1 |       |       ||     1
  Eat: Chunk             |       |     6 |       ||     6
       Ration            |       |     1 |       ||     1
Armor: Ring mail         |     6 |       |       ||     6
       Scale mail        |       |    50 |     1 ||    51
       Chain mail        |       |       |     1 ||     1
Dodge: Dodged            |    15 |    80 |     6 ||   101

Table legend:
 A = Spawn XP
 B = Non-spawn XP
 C = Spawn XP percentage of total XP
 D = Spawn monster count
 E = Non-spawn monster count
 F = Spawn count percentage of total count
 G = Total turns spent on level
                    A         B        C        D         E        F      G
               +---------+---------+-------+---------+---------+-------+---------
         Total |       0 |     887 |   0.0 |       0 |      83 |   0.0 |  3620
               +---------+---------+-------+---------+---------+-------+---------
           D:1 |       0 |      14 |   0.0 |       0 |       8 |   0.0 |   840
           D:2 |       0 |     111 |   0.0 |       0 |      23 |   0.0 |   846
           D:3 |       0 |     175 |   0.0 |       0 |      31 |   0.0 |  1228
           D:4 |       0 |     587 |   0.0 |       0 |      21 |   0.0 |   706
               +---------+---------+-------+---------+---------+-------+---------

Vault maps used:
D:1:      dpeg_arrival_erosion
D:3:      first_ration, chequers_ecumenical_altar_simple_redux
D:4:      hangedman_decor_growths, nicolae_qazlal_style_of_elements,
          uniq_natasha, uniq_edmund

Table legend:
 A = Turns spent in this place as a percentage of turns spent in the entire game.
 B = Non-inter-level travel turns spent in this place as a percentage of non-inter-level travel turns spent in the entire game.
 C = Inter-level travel turns spent in this place as a percentage of turns spent in this place.
 D = Turns resting spent in this place as a percentage of non-inter-level travel turns spent in this place.
 E = Turns spent auto-exploring this place as a percentage of non-inter-level travel turns spent in this place.
 F = Non-inter-level travel turns spent in this place divided by the number of levels of this place that you've seen.
                   A       B       C       D       E      F
               +-------+-------+-------+-------+-------+----------------------
         Total | 100.0 | 100.0 |   2.1 |  22.1 |  63.3 | 886.2
       Dungeon | 100.0 | 100.0 |   2.1 |  22.1 |  63.3 | 886.2
               +-------+-------+-------+-------+-------+----------------------

Table legend:
 A = Kills in this place as a percentage of kills in entire the game.
 B = Kills by you in this place as a percentage of kills by you in the entire game.
 C = Kills by friends in this place as a percentage of kills by friends in the entire game.
 D = Other kills in this place as a percentage of other kills in the entire game.
 E = Experience gained in this place as a percentage of experience gained in the entire game.
 F = Experience gained in this place divided by the number of levels of this place that you have seen.
                   A       B       C       D       E      F
               +-------+-------+-------+-------+-------+----------------------
         Total | 100.0 | 100.0 |   N/A |   N/A | 100.0 | 221.8
       Dungeon | 100.0 | 100.0 |   N/A |   N/A | 100.0 | 221.8
               +-------+-------+-------+-------+-------+----------------------
